 Dungeon Crawl Stone Soup version 0.21.1-1-g345015fe64 (webtiles) character file.

366 LevaFresel the Bolt Thrower (level 7, -2/41 HPs)
             Began as a Kobold Hunter on June 9, 2018.
             Splashed by a jelly's acid (3 damage)
             ... on level 4 of the Dungeon.
             The game lasted 00:15:28 (4326 turns).

LevaFresel the Bolt Thrower (Kobold Hunter)         Turns: 4326, Time: 00:15:29

Health: -2/41      AC: -2    Str: 16    XL:     7   Next: 0%
Magic:  7/7        EV: 15    Int: 13    God:
Gold:   241        SH:  0    Dex: 15    Spells: 6/6 levels left

rFire    . . .     SeeInvis .   b - +0 dagger (venom)
rCold    . . .     Gourm    .   (shield restricted)
rNeg     . . .     Faith    .   s - +0 ring mail
rPois    .         Spirit   .   (no helmet)
rElec    .         Reflect  .   (no cloak)
rCorr    .         Harm     .   (no gloves)
MR       .....                  (no boots)
Stlth    +.........             (no amulet)
HPRegen  0.13/turn              (no ring)
MPRegen  0.10/turn              (no ring)

@: mighty, corroded
A: small, carnivore
a: no special abilities


You were on level 4 of the Dungeon.
You were very full.

You visited 1 branch of the dungeon, and saw 5 of its levels.

You collected 241 gold pieces.

Inventory:

Hand Weapons
 a - a +1 hand crossbow
 b - a +0 dagger of venom (weapon)
Missiles
 d - 34 bolts
 x - 5 tomahawks (quivered)
Armour
 s - a +0 ring mail (worn)
 t - a +0 chain mail
 w - a +0 scale mail
Scrolls
 c - a scroll of fear {unknown}
 g - a scroll of enchant weapon {unknown}
 i - 2 scrolls of magic mapping {unknown}
 l - 2 scrolls of immolation {unknown}
 m - 3 scrolls of identify
 u - a scroll of teleportation {unknown}
 v - 4 scrolls of enchant armour {unknown}
Potions
 e - a potion of might
 h - 2 potions of agility {unknown}
 j - 3 potions of heal wounds {unknown}
 k - a potion of degeneration {unknown}
 n - a potion of flight {unknown}
 o - a potion of cancellation {unknown}
 p - a potion of haste {unknown}
 q - a potion of mutation {unknown}
 r - 2 potions of curing {unknown}
Comestibles
 f - 4 rations


   Skills:
 + Level 3.5 Fighting
 + Level 3.1 Short Blades
 * Level 6.8 Crossbows
 + Level 1.9 Armour
 + Level 3.8 Dodging
 - Level 1.3 Stealth


You had 6 spell levels left.
You didn't know any spells.

Dungeon Overview and Level Annotations

Branches:
Dungeon (5/15)
 Temple: D:4-7

Altars:
The Shining One


Innate Abilities, Weirdness & Mutations

You are small and have problems with some larger weapons.
You are carnivorous and can eat meat at any time.


Message History

The jelly is moderately wounded.
The jelly misses you.
You hit the jelly. The acid corrodes you!
Your hands burn!
The jelly is moderately wounded.
The jelly jiggles.
The jelly hits you.
You are splashed with acid!
The acid burns!
* * * LOW HITPOINT WARNING * * *
You hit the jelly.
Your hands burn!
* * * LOW HITPOINT WARNING * * *
The jelly is heavily wounded.
The jelly closely misses you.
There is an open door here.
You feel very mighty all of a sudden. The jelly barely misses you.
You hit the jelly.
The jelly is poisoned.
Your hands burn!
* * * LOW HITPOINT WARNING * * *
The jelly is severely wounded.
The jelly misses you.
You hit the jelly but do no damage.
Your hands burn!
You die...

......###'''###..........).
.....# ##.%.####...........
..... ##...).###...........
.... #.......##...........
##.. #....)..##...........
#.......##...........
#.......##...........
#....######..........
#...@JJJ###........♣P
########.# ##.J)J..## ..#
#'####### ..# #÷..J..÷J.
..# #.P..J÷.P. ..#
#.J÷....P. ..# ##.
#....JP.P. .# #...
#JP÷..J...


You could see a jelly and 2 oozes.

Vanquished Creatures
  A scorpion (D:4)
  A jelly (D:4)
  2 orc priests (D:3)
  3 orc wizards
  A worker ant (D:4)
  3 adders
  3 oozes
  3 dart slugs
  3 leopard geckos
  12 orcs
  2 bats
  2 giant cockroaches
  3 goblins
  4 hobgoblins
  3 jackals (D:2)
  A quokka (D:2)
  A frilled lizard (D:2)
  13 kobolds
  9 rats
70 creatures vanquished.

Vanquished Creatures (others)
  A fungus (D:4)
  10 toadstools (D:4)
11 creatures vanquished.

Grand Total: 81 creatures vanquished

Notes
Turn   | Place    | Note
-------+----------+-------------------------------------------
     0 | D:1      | LevaFresel the Kobold Hunter began the quest for the Orb.
     0 | D:1      | Reached XP level 1. HP: 12/12 MP: 1/1
    85 | D:1      | Reached skill level 5 in Crossbows
    85 | D:1      | Reached XP level 2. HP: 18/18 MP: 2/2
   242 | D:1      | Reached skill level 1 in Short Blades
   252 | D:1      | Reached XP level 3. HP: 22/22 MP: 3/3
   693 | D:2      | Found a glowing golden altar of the Shining One.
  1670 | D:2      | Reached XP level 4. HP: 14/27 MP: 4/4
  2154 | D:3      | Reached skill level 1 in Armour
  2590 | D:4      | Reached XP level 5. HP: 26/32 MP: 5/5
  2712 | D:3      | Reached skill level 6 in Crossbows
  2981 | D:3      | Reached XP level 6. HP: 20/37 MP: 6/6
  3935 | D:5      | Entered Level 5 of the Dungeon
  4312 | D:4      | Reached XP level 7. HP: 31/41 MP: 7/7
  4325 | D:4      | HP: 1/41 [acid (5)]
  4326 | D:4      | Splashed by a jelly's acid

Skill      XL: |  1  2  3  4  5  6 |
---------------+-------------------+-----
Crossbows      | 5 6 |  6.8
Short Blades   | 1 2 3 |  3.1
Dodging        | 3 |  3.8
Armour         | 1 |  1.9
Fighting       | 3 |  3.5
Stealth        | |  1.3

Action                   |  1- 3 |  4- 6 |  7- 9 || total
-------------------------+-------+-------+-------++-------
Melee: Short sword       |    47 |     1 |       ||    48
       Hand crossbow     |       |     5 |       ||     5
       Dagger            |       |    50 |     6 ||    56
 Fire: Hand crossbow     |    37 |    75 |       ||   112
  Use: Scroll            |       |     3 |       ||     3
       Potion            |       |       |     1 ||     1
 Stab: Sleeping          |     1 |       |       ||     1
  Eat: Chunk             |    10 |     7 |       ||    17
Armor: Leather armour    |    12 |       |       ||    12
       Ring mail         |       |    32 |       ||    32
Dodge: Dodged            |    66 |    78 |     5 ||   149
